 Dungeon Crawl Stone Soup version 0.28-a0-622-gbaef9634d7 (webtiles) character file.

Game seed: 643539822903865760

973 siradein the Ruffian (level 7, -1/51 (59) HPs)
             Began as a Grey Draconian Transmuter on Oct 8, 2021.
             Was an Initiate of Hepliaklqana.
             Slain by a wight (7 damage)
             ... on level 4 of the Dungeon.
             The game lasted 00:11:31 (5206 turns).

siradein the Ruffian (Grey Draconian Transmuter)    Turns: 5206, Time: 00:11:32

HP:   -1/51 (59)    AC:  2    Str: 12    XL:     7   Next: 94%
MP:   5/13          EV: 21    Int: 16    God:    Hepliaklqana [......]
Gold: 366           SH:  0    Dex: 16    Spells: 4/14 levels left

rFire   . . .      SeeInvis .     - Unarmed
rCold   . . .      Faith    .   (shield currently unavailable)
rNeg    . . .      Spirit   .   (armour unavailable)
rPois   x          Reflect  .   (helmet currently unavailable)
rElec   .          Harm     .   (cloak currently unavailable)
rCorr   .          Rampage  .   (gloves currently unavailable)
Will    .....                   (boots currently unavailable)
Stlth   +.........              m - amulet of regeneration
HPRegen 1.17/turn               j - ring of flight
MPRegen 0.13/turn               (no ring)

@: spider-form, wereblooded, flying, very slightly contaminated, heavily drained
A: venomous fangs, AC +11, (amphibious), tiny, unfitting armour, (cold-blooded)
a: End Transformation, Renounce Religion


You were on level 4 of the Dungeon.
You worshipped Hepliaklqana.
Hepliaklqana was noncommittal.
You were a venomous arachnid creature.
You visited 1 branch of the dungeon, and saw 5 of its levels.
You also visited: Ossuary.

You collected 366 gold pieces.

Inventory:

Missiles
 c - 4 curare-tipped darts
 e - 6 boomerangs
 i - 18 poisoned darts
 k - 6 atropa-tipped darts
Armour
 g - a +0 pair of gloves (melded)
Jewellery
 j - a ring of flight (left front leg)
 m - an amulet of regeneration (around neck)
Scrolls
 a - a scroll of enchant weapon {unknown}
 f - 3 scrolls of teleportation
 r - a scroll of immolation
 s - a scroll of holy word {unknown}
 v - a scroll of brand weapon {unknown}
 x - a scroll of enchant armour {unknown}
Potions
 b - a potion of might {unknown}
 d - 7 potions of curing
 h - 3 potions of brilliance {unknown}
 l - a potion of cancellation {unknown}
 n - a potion of ambrosia {unknown}
 o - 2 potions of lignification {unknown}
 p - 5 potions of flight {unknown}
 q - 3 potions of heal wounds {unknown}
 t - 3 potions of haste {unknown}
 u - a potion of magic {unknown}
 w - a potion of attraction {unknown}


   Skills:
 + Level 4.1 Fighting
 + Level 3.8 Dodging
 + Level 4.8 Unarmed Combat
 + Level 4.0 Spellcasting
 + Level 4.2 Transmutations
 + Level 1.4 Ice Magic
 + Level 2.3 Poison Magic


You had 4 spell levels left.
You knew the following spells:

 Your Spells              Type           Power      Damage    Failure   Level
a - Beastly Appendage     Tmut           32%        N/A       11%         1
b - Wereblood             Tmut           16%        N/A       14%         2
c - Spider Form           Tmut/Pois      6%         N/A       30%         3
d - Ice Form              Ice/Tmut       12%        N/A       67%         4

Your spell library contained the following spells:

 Spells                   Type           Power      Damage    Failure   Level
 Freeze                   Ice            28%        1d5       24%         1
 Corpse Rot               Necr/Air       N/A        N/A       47%         2
 Frozen Ramparts          Ice            14%        1d3       50%         3
 Hailstorm                Conj/Ice       5%         3d4       90%         4
 Dispel Undead            Necr           3%         3d7       95%         4
 Death Channel            Necr           1%         N/A       100%        6


Dungeon Overview and Level Annotations

Branches:
Dungeon (5/15)            Ossuary (visited)
 Temple: D:4-7

Altars:
Ashenzari
Dithmenos
Hepliaklqana
Kikubaaqudgha
Nemelex Xobeh
The Shining One

Shops:
D:3 [   D:5 !


Innate Abilities, Weirdness & Mutations

You are a venomous arachnid creature.
You have poisonous fangs.
You are tiny and dextrous.
Your spellcasting is less reliable in this form.
Your armour is entirely melded.
You are incapable of wielding weapons or throwing items.
((Your dull iron-grey scales are very hard. (AC +11)))
((You are amphibious.))
You cannot fit into any form of body armour.
((You are cold-blooded and may be slowed by cold attacks.))


Message History

Your blood is infused with primal strength.
Casting: Wereblood (safe; 4% risk of failure)
Confirm with . or Enter, or press ? or * to list all spells.
You miscast Spider Form.
You are very lightly contaminated with residual magic.
Nothing appears to happen.
Casting: Spider Form (dangerous; 13% risk of failure)
Confirm with . or Enter, or press ? or * to list all spells.
Your horns disappear.
Your talons disappear.
You turn into a venomous arachnid creature.
Your +0 pair of gloves melds into your body.
The wight closely misses you.
You barely miss the wight. You bite the wight!
The wight is heavily damaged.
The wight completely misses you.
You barely miss the wight.
The wight is heavily damaged.
The wight closely misses you.
You hit the wight but do no damage.
The wight is heavily damaged.
The wight closely misses you.
You hit the wight but do no damage.
The wight is heavily damaged.
The wight hits you with a +0 scimitar of electrocution!
You barely miss the wight.
The wight is heavily damaged.
The wight completely misses you.
You hit the wight.
The wight is heavily damaged.
The wight hits you with a +0 scimitar of electrocution!!
You feel drained.
You are too injured to fight recklessly!
You are too injured to fight recklessly!
You hit the wight but do no damage.
The wight is heavily damaged.
The wight hits you with a +0 scimitar of electrocution!
* * * LOW HITPOINT WARNING * * *
You feel drained.
You die...

............##...................
........##........#..............
.....#.###........#..............
.......####......#...............
.....#....#..................#...
..##..###.....#...##.....[.(#....
...>..............##.......###...
.#........#........#.......###...
..........#....zs....>.....##....
...............)....#......##....
.....#........###...#.#..#....###
..#.......#(..).##....#..#......#
#.#.......#..##..#......###....##
#..#.###......#.........########
...### #......#...###....# ####
#...###..###......## # ##<.# ####
##......#


You could see a wight.

Vanquished Creatures
  Sigmund (D:3)
  An ogre (D:5)
  A water moccasin skeleton (D:4)
  3 wights
  A jelly (D:5)
  An orc priest (D:5)
  2 hounds (D:5)
  A bullfrog skeleton (D:4)
  An iguana (D:5)
  2 orc wizards (D:5)
  8 mummies (Ossuary)
  8 gnolls
  5 adders
  2 ufetubi (D:5)
  A worm zombie (D:5)
  An adder skeleton (D:4)
  A worm (D:2)
  2 dart slugs
  14 orcs
  2 bats (D:2)
  7 endoplasms
  2 gnoll zombies (Ossuary)
  5 goblins
  7 hobgoblins
  2 jackals (D:1)
  7 kobolds
  5 quokkas
  5 ball pythons
  2 frilled lizards (D:1)
  3 hobgoblin zombies (Ossuary)
  2 kobold zombies (Ossuary)
  An orc zombie (Ossuary)
  4 rats
110 creatures vanquished.

Vanquished Creatures (others)
  A fungus (D:1)
1 creature vanquished.

Grand Total: 111 creatures vanquished

Notes
Turn   | Place    | Note
-------+----------+-------------------------------------------
     0 | D:1      | siradein the Draconian Transmuter began the quest for the
                  | Orb.
     0 | D:1      | Reached XP level 1. HP: 16/16 MP: 3/3
   409 | D:1      | Reached XP level 2. HP: 20/23 MP: 3/5
   658 | D:1      | Learned a level 2 spell: Wereblood
   930 | D:1      | Found a faded altar of an unknown god.
   959 | D:1      | Reached XP level 3. HP: 29/29 MP: 4/6
   992 | D:1      | Learned a level 3 spell: Spider Form
  2287 | D:1      | Reached XP level 4. HP: 29/36 MP: 5/7
  3143 | D:3      | Noticed Sigmund
  3150 | D:3      | Killed Sigmund
  3151 | D:3      | Reached XP level 5. HP: 28/45 MP: 6/9
  3345 | D:3      | Found Badif's Antique Armour Boutique.
  3573 | D:3      | Learned a level 4 spell: Ice Form
  3596 | D:4      | Reached XP level 6. HP: 51/51 MP: 8/10
  3694 | D:4      | Found a broken altar of Ashenzari.
  3818 | D:4      | Reached skill level 1 in Poison Magic
  3869 | D:4      | Found a sparkling altar of Nemelex Xobeh.
  3939 | D:4      | Found an ancient bone altar of Kikubaaqudgha.
  4242 | D:5      | Entered Level 5 of the Dungeon
  4271 | D:5      | Found a sand-covered staircase.
  4299 | D:5      | Found a hazy altar of Hepliaklqana.
  4365 | Ossuary  | Entered an ossuary
  4387 | Ossuary  | Your scales start taking on a dull iron-grey colour.
  4387 | Ossuary  | Reached XP level 7. HP: 57/57 MP: 9/12
  4744 | D:4      | Reached skill level 1 in Ice Magic
  4856 | D:5      | Found Juguczioph's Distillery.
  5067 | D:5      | Found a glowing golden altar of the Shining One.
  5081 | D:5      | Became a worshipper of Hepliaklqana the Forgotten
  5154 | D:5      | Found a shadowy altar of Dithmenos.
  5206 | D:4      | Slain by a wight

Illustrated notes

Levels and vault maps discovered:
D:1:      scummos_arrival_forest, layout_basic,
          shapermc_ecumenical_altar_acropolis
D:2:      layout_loops_corners
D:3:      layout_loops_ring, serial_shops, nicolae_shop_window_shopping,
          uniq_sigmund
D:4:      layout_cave_pools, ashenzari_altar_1,
          mainiacjoe_overflow_six_doors_small, overflow_temple_1_default
D:5:      layout_rooms, kennysheep_mini, mainiacjoe_overflow_catwalk_spiral,
          enter_ossuary_3, serial_shops, shop

Skill      XL: |  1  2  3  4  5  6  7 |
---------------+----------------------+-----
Dodging        | 2 3 |  3.8
Fighting       | 2 3 4 |  4.1
Unarmed Combat | 4 |  4.8
Spellcasting   | 3 4 |  4.0
Transmutations | 3 4 |  4.2
Poison Magic   | 1 2 |  2.3
Ice Magic      | 1 |  1.4

Action                   |  1- 3 |  4- 6 |  7- 9 || total
-------------------------+-------+-------+-------++-------
Melee: Unarmed           |    91 |   167 |   127 ||   385
       Headbutt          |    14 |    28 |    10 ||    52
       Kick              |    18 |    41 |    27 ||    86
       Tailslap          |     8 |    14 |    15 ||    37
       Punch             |       |     2 |       ||     2
 Cast: Beastly Appendage |    32 |    30 |    14 ||    76
       Wereblood         |     4 |     9 |    10 ||    23
       Spider Form       |       |       |     1 ||     1
  Use: Scroll            |       |     6 |     1 ||     7
 Stab: Sleeping          |     1 |       |       ||     1
Armor: Skin              |    17 |    81 |    53 ||   151
Dodge: Dodged            |    46 |   124 |    85 ||   255
Block: Other             |    14 |    10 |       ||    24
       Reflection        |     1 |       |       ||     1

Table legend: (Time is in decaauts)
 A = Elapsed time spent in this place.
 B = Non-inter-level travel time spent in this place.
 C = Inter-level travel time spent in this place.
 D = Time resting spent in this place.
 E = Time spent auto-exploring this place.
 F = Levels seen in this place.
 G = Mean time per level.
                   A        B        C        D        E       F      G
               +--------+--------+--------+--------+--------+-----+--------+
         Total |   5186 |   5028 |    158 |     30 |   3742 |   6 |  864.3 |
       Dungeon |   4928 |   4770 |    158 |     30 |   3583 |   5 |  985.6 |
       Ossuary |    257 |    257 |      0 |      0 |    159 |   1 |  257.0 |
               +--------+--------+--------+--------+--------+-----+--------+

Top non-repeatable levels by time:
     D:1: 1464 daAuts
     D:2: 1257 daAuts
     D:3: 862 daAuts
     D:4: 724 daAuts
     D:5: 619 daAuts
 Ossuary: 257 daAuts
